Sabres vs Avalanche
(R1)
Created - May 23, 2018 at 19:08
Goals
|
| Sabres |
1 |
1 |
2 |
4 |
| Avalanche |
1 |
0 |
0 |
1 |
|
Shots
|
| Sabres |
10 |
5 |
7 |
22 |
| Avalanche |
12 |
8 |
16 |
36 |
|
1st period
1. Sabres , Jared Cowen 2 (Brad Richardson 5, Rob Scuderi 4) at 6:05
2. Avalanche , Mikkel Boedker 8 (Bryan Little 17, Corey Perry 10) at 17:11
Penalties :
Corey Perry (Col) for Tripping (Minor) at 0:22, Evander Kane (Buf) for Holding (Minor) at 6:24, Darcy Hordichuk (Buf) for Cross-checking (Minor) at 9:11
2nd period
3. Sabres , Michael Kostka 2 (Zack Kassian 5, Ilya Kovalchuk 16) at 5:10 (PP)
Penalties :
Andrew Ladd (Col) for Hooking (Minor) at 4:58, Bryan Little (Col) for Hooking (Minor) at 9:27, Bryan Little (Col) for Interference (Minor) at 14:44
3rd period
4. Sabres , Brad Richardson 5 (Ryan O'Reilly 11, Wade Redden 2) at 5:02
5. Sabres , Darcy Hordichuk 2 (Andrei Loktionov 8) at 11:24
Penalties :
Johnny Boychuk (Col) for Elbowing (Minor) at 5:54, Robin Lehner (Buf) for Slashing (Minor) at 14:33 - Jared Cowen served the penalty
Goalie Stats
Robin Lehner (Buf), 35 saves from 36 shots - (0.972), W, 9-4-1, 60:00 minutes
Semyon Varlamov (Col), 18 saves from 22 shots - (0.818), L, 10-6-1, 60:00 minutes
Players Stats for Sabres
Player Name G A P +/- PIM S H SB GA TA FO MP PP MP PK MP
------------------------------------------------------------------------------------
Ales Kotalik 0 0 0 0 0 0 1 0 2 0 0/0 8:48 0:00 0:00
Andrei Loktionov 0 1 1 1 0 3 0 0 1 0 7/9 14:14 4:28 0:00
Brad Richardson 1 1 2 1 0 1 1 1 0 0 0/2 15:53 0:00 0:00
Brandon Sutter 0 0 0 0 0 2 0 0 0 1 3/5 11:27 0:00 1:59
Darcy Hordichuk 1 0 1 1 2 1 0 0 0 0 0/0 10:22 0:00 0:29
Evander Kane 0 0 0 0 2 1 0 0 0 0 0/0 16:57 3:40 1:35
Ilya Kovalchuk 0 1 1 1 0 1 0 0 1 0 2/5 22:49 4:28 2:50
Jakub Kindl 0 0 0 0 0 0 3 2 0 1 0/0 16:10 0:00 1:02
Jared Cowen 1 0 1 0 0 2 1 0 0 2 0/0 24:06 3:54 1:27
Jordan Leopold 0 0 0 2 0 0 1 0 0 0 0/0 11:37 0:00 0:00
Kyle Okposo 0 0 0 0 0 1 0 1 0 0 0/0 14:21 3:40 0:00
Matt Martin 0 0 0 0 0 0 1 0 0 0 0/1 10:40 0:00 1:52
Michael Kostka 1 0 1 0 0 1 0 1 0 2 0/0 25:08 3:54 2:29
Rob Scuderi 0 1 1 0 0 2 0 1 1 1 0/0 23:15 4:14 3:28
Ryan O'Reilly 0 1 1 1 0 4 0 0 0 0 9/19 16:11 0:00 0:00
Vincent Lecavalier 0 0 0 0 0 1 2 0 0 0 4/7 18:01 3:40 3:09
Wade Redden 0 1 1 2 0 0 1 1 1 0 0/0 19:48 4:14 3:28
Zack Kassian 0 1 1 1 0 2 3 0 0 1 1/1 14:14 4:28 0:00
Players Stats for Avalanche
Player Name G A P +/- PIM S H SB GA TA FO MP PP MP PK MP
------------------------------------------------------------------------------------
Alexander Radulov 0 0 0 0 0 3 1 0 0 0 0/1 14:01 3:07 0:00
Andrew Ladd 0 0 0 0 2 3 2 0 0 0 0/0 12:24 0:01 1:33
Brandon Yip 0 0 0 0 0 1 2 0 0 0 0/0 10:47 0:11 0:00
Bryan Little 0 1 1 -1 4 4 3 0 2 0 12/23 18:30 2:39 0:00
Chris Drury 0 0 0 0 0 3 0 0 0 1 1/5 16:45 3:07 2:34
Chuck Kobasew 0 0 0 -1 0 1 0 1 1 0 0/1 12:59 0:00 4:22
Corey Perry 0 1 1 -1 2 1 4 0 0 0 1/1 18:21 2:39 0:00
Dan Boyle 0 0 0 1 0 0 0 1 0 0 0/0 15:39 3:25 0:00
Jack Johnson 0 0 0 -2 0 1 1 3 2 0 0/0 25:20 2:32 4:48
Jay Bouwmeester 0 0 0 -1 0 3 0 0 1 2 0/0 20:10 3:25 1:07
Johnny Boychuk 0 0 0 -1 2 1 4 1 0 0 0/0 21:04 2:32 2:38
Marc Staal 0 0 0 -2 0 3 1 0 0 1 0/0 22:20 0:00 4:48
Matt Lashoff 0 0 0 1 0 1 1 0 0 0 0/0 15:27 0:00 2:55
Mike Comrie 0 0 0 -1 0 3 0 0 0 2 4/10 13:23 0:11 4:35
Mikkel Boedker 1 0 1 -1 0 3 3 1 0 0 0/0 18:34 2:49 0:00
Paul Stastny 0 0 0 0 0 2 2 1 0 0 5/8 13:49 3:07 0:00
Ryan Smyth 0 0 0 0 0 2 2 1 1 0 0/0 13:31 0:00 3:00
Zach Boychuk 0 0 0 -1 0 1 1 0 1 0 0/0 8:43 0:00 0:12
3 Stars
1 - Robin Lehner (Buf)
2 - Brad Richardson (Buf)
3 - Wade Redden (Buf)
Power Play
Sabres - 1 on 5 Attempt(s) - 20.00%
Avalanche - 0 on 3 Attempt(s) - 0.00%
Penalty Kill
Sabres - 3 on 3 Attempt(s) - 100.00%
- Score 0 goal in Penalty Kill
Avalanche - 4 on 5 Attempt(s) - 80.00%
- Score 0 goal in Penalty Kill
Team Stat
Sabres - Hits : 14 - Faceoff Wins : 26 - Blocked Shots : 7 - Penalty Minutes : 6
Avalanche - Hits : 27 - Faceoff Wins : 23 - Blocked Shots : 9 - Penalty Minutes : 10
Official
Referees : Martell Rob and Devorski Paul
Linesman : Steve Miller and Andy McElman
Game Notes
Brandon Sutter is injured at 16:36 of 3rd period (Sprained Left Ankle)
Finance
Level 1 -- Attendance: 6000 (100.00%) -- Ticket Income $534,000
Level 2 -- Attendance: 5000 (100.00%) -- Ticket Income $275,000
Level 3 -- Attendance: 2000 (100.00%) -- Ticket Income $66,000
Level 4 -- Attendance: 4000 (100.00%) -- Ticket Income $92,000
Luxury Box -- Attendance: 1000 (100.00%) -- Ticket Income $172,000
Game was played at the Pepsi Center.
Total Attendance: 18000 (100.00%)
Total Ticket Income: $1,139,000
Other Income: $170,850
Total Income: $1,309,850
Sabres
5 vs 5 Forward
Center Left Wing Right Wing Time % Phy DF OF
1 Ryan O'Reilly Ilya Kovalchuk Brad Richardson 40 0 0 5
2 Vincent Lecavalier Evander Kane Kyle Okposo 30 0 0 5
3 Andrei Loktionov Darcy Hordichuk Zack Kassian 20 0 1 4
4 Brandon Sutter Matt Martin Ales Kotalik 10 0 2 3
5 vs 5 Defense
Defense Defense Time % Phy DF OF
1 Jared Cowen Michael Kostka 44 0 5 0
2 Rob Scuderi Jakub Kindl 39 0 5 0
3 Wade Redden Jordan Leopold 17 0 5 0
4 Wade Redden Jordan Leopold 0 1 2 2
PowerPlay Forward
Center Left Wing Right Wing Time % Phy DF OF
1 Andrei Loktionov Ilya Kovalchuk Zack Kassian 55 0 0 5
2 Vincent Lecavalier Evander Kane Kyle Okposo 45 0 0 5
PowerPlay Defense
Defense Defense Time % Phy DF OF
1 Michael Kostka Jared Cowen 55 0 1 4
2 Rob Scuderi Wade Redden 45 0 2 3
Penalty Kill 4 Players Forward
Center Wing Time % Phy DF OF
1 Ilya Kovalchuk Vincent Lecavalier 60 0 5 0
2 Brandon Sutter Evander Kane 40 0 5 0
Penalty Kill 4 Players Defense
Defense Defense Time % Phy DF OF
1 Wade Redden Rob Scuderi 60 0 5 0
2 Michael Kostka Jared Cowen 40 0 5 0
Penalty Kill - 3 Players Forward
Forward Time % Phy DF OF
1 Brandon Sutter 60 0 5 0
2 Ilya Kovalchuk 40 0 5 0
Penalty Kill - 3 Players Defense
Defense Defense Time % Phy DF OF
1 Wade Redden Rob Scuderi 60 0 5 0
2 Michael Kostka Jared Cowen 40 0 5 0
4 vs 4 Forward
Center Wing Time % Phy DF OF
1 Ilya Kovalchuk Vincent Lecavalier 60 0 1 4
2 Darcy Hordichuk Evander Kane 40 0 2 3
4 vs 4 Defense
Defense Defense Time % Phy DF OF
1 Wade Redden Rob Scuderi 60 0 5 0
2 Jakub Kindl Jared Cowen 40 0 5 0
Last Minutes Offensive
Center Left Wing Right Wing Defense Defense
Vincent Lecavalier Ilya Kovalchuk Kyle Okposo Michael Kostka Jared Cowen
Last Minutes Defensive
Center Left Wing Right Wing Defense Defense
Vincent Lecavalier Ilya Kovalchuk Kyle Okposo Michael Kostka Jared Cowen
Goaltenders
Starting : Robin Lehner
Backup : Jonas Hiller
Extra Forwards
Normal : Brandon Sutter, Zack Kassian, Matt Martin - PP : Brandon Sutter, Zack Kassian - PK : Matt Martin
Extra Defensemen
Normal : Jordan Leopold, Jakub Kindl, Rob Scuderi - PP : Jordan Leopold - PK : Jakub Kindl, Rob Scuderi
Penalty Shots
Ilya Kovalchuk, Vincent Lecavalier, Darcy Hordichuk, Evander Kane, Kyle Okposo
Scratches
Scottie Upshall (Sore Right Knee Injury), Zach Bogosian (Broken Right Foot Toe Injury)
Avalanche
5 vs 5 Forward
Center Left Wing Right Wing Time % Phy DF OF
1 Bryan Little Mikkel Boedker Corey Perry 35 0 2 2
2 Paul Stastny Ryan Smyth Brandon Yip 25 1 2 2
3 Chris Drury Andrew Ladd Alexander Radulov 25 1 2 2
4 Mike Comrie Zach Boychuk Chuck Kobasew 15 1 2 2
5 vs 5 Defense
Defense Defense Time % Phy DF OF
1 Jack Johnson Marc Staal 40 1 2 2
2 Johnny Boychuk Jay Bouwmeester 35 1 2 2
3 Matt Lashoff Dan Boyle 25 1 2 2
4 Jack Johnson Marc Staal 0 1 2 2
PowerPlay Forward
Center Left Wing Right Wing Time % Phy DF OF
1 Bryan Little Mikkel Boedker Corey Perry 60 1 2 2
2 Paul Stastny Chris Drury Alexander Radulov 40 1 2 2
PowerPlay Defense
Defense Defense Time % Phy DF OF
1 Dan Boyle Jay Bouwmeester 60 1 2 2
2 Johnny Boychuk Jack Johnson 40 1 2 2
Penalty Kill 4 Players Forward
Center Wing Time % Phy DF OF
1 Mike Comrie Chuck Kobasew 60 1 2 2
2 Chris Drury Ryan Smyth 40 1 2 2
Penalty Kill 4 Players Defense
Defense Defense Time % Phy DF OF
1 Jack Johnson Marc Staal 60 1 2 2
2 Matt Lashoff Johnny Boychuk 40 1 2 2
Penalty Kill - 3 Players Forward
Forward Time % Phy DF OF
1 Chuck Kobasew 60 1 2 2
2 Ryan Smyth 40 1 2 2
Penalty Kill - 3 Players Defense
Defense Defense Time % Phy DF OF
1 Jack Johnson Marc Staal 60 1 2 2
2 Matt Lashoff Johnny Boychuk 40 1 2 2
4 vs 4 Forward
Center Wing Time % Phy DF OF
1 Bryan Little Corey Perry 60 1 2 2
2 Mikkel Boedker Alexander Radulov 40 1 2 2
4 vs 4 Defense
Defense Defense Time % Phy DF OF
1 Jack Johnson Marc Staal 60 1 2 2
2 Johnny Boychuk Jay Bouwmeester 40 1 2 2
Last Minutes Offensive
Center Left Wing Right Wing Defense Defense
Bryan Little Mikkel Boedker Corey Perry Jack Johnson Dan Boyle
Last Minutes Defensive
Center Left Wing Right Wing Defense Defense
Chris Drury Andrew Ladd Chuck Kobasew Jack Johnson Marc Staal
Goaltenders
Starting : Semyon Varlamov
Backup : Hannu Toivonen
Extra Forwards
Normal : Mikkel Boedker, Alexander Radulov, Chris Drury - PP : Mike Comrie, Chris Drury - PK : Andrew Ladd
Extra Defensemen
Normal : Dan Boyle, Johnny Boychuk, Jay Bouwmeester - PP : Dan Boyle - PK : Johnny Boychuk, Jay Bouwmeester
Penalty Shots
Bryan Little, Corey Perry, Mikkel Boedker, Chris Drury, Paul Stastny
Scratches
Pernell Karl Subban (Fractured Metatarsal (Right Foot) Injury), Andrei Kostitsyn (Suspend), Kyle Turris (Healthy)
% Time on Ice - Sabres
Lines # - Real PCT - Wanted PCT - Time Play
Normal Forward
1 - 36% - 40% - 16:32
2 - 24% - 30% - 10:53
3 - 21% - 20% - 9:42
4 - 19% - 10% - 8:48
Normal Defense
1 - 42% - 44% - 19:24
2 - 35% - 39% - 16:05
3 - 22% - 17% - 10:03
4 - 1% - 0% - 0:23
PP Forward
1 - 55% - 55% - 4:28
2 - 45% - 45% - 3:40
PP Defense
1 - 48% - 55% - 3:54
2 - 52% - 45% - 4:14
PK Forward
1 - 75% - 60% - 4:26
2 - 25% - 40% - 1:31
PK Defense
1 - 58% - 60% - 3:28
2 - 42% - 40% - 2:29
PK3 Forward
1 - 0% - 60%
2 - 0% - 40%
PK3 Defense
1 - 0% - 60%
2 - 0% - 40%
44 Forward
1 - 0% - 60%
2 - 0% - 40%
44 Defense
1 - 0% - 60%
2 - 0% - 40%
Last Minute Offensive - 0:00
Last Minute Defensive - 0:00
Total
Forward - 60:00
Defense - 60:00
|
% Time on Ice - Avalanche
Lines # - Real PCT - Wanted PCT - Time Play
Normal Forward
1 - 35% - 35% - 16:00
2 - 23% - 25% - 10:42
3 - 23% - 25% - 10:42
4 - 19% - 15% - 8:31
Normal Defense
1 - 39% - 40% - 18:03
2 - 34% - 35% - 15:29
3 - 27% - 25% - 12:23
4 - 0% - 0% - 0:00
PP Forward
1 - 48% - 60% - 2:50
2 - 52% - 40% - 3:07
PP Defense
1 - 57% - 60% - 3:25
2 - 43% - 40% - 2:32
PK Forward
1 - 72% - 60% - 5:52
2 - 28% - 40% - 2:16
PK Defense
1 - 59% - 60% - 4:48
2 - 41% - 40% - 3:20
PK3 Forward
1 - 0% - 60%
2 - 0% - 40%
PK3 Defense
1 - 0% - 60%
2 - 0% - 40%
44 Forward
1 - 0% - 60%
2 - 0% - 40%
44 Defense
1 - 0% - 60%
2 - 0% - 40%
Last Minute Offensive - 0:00
Last Minute Defensive - 0:00
Total
Forward - 60:00
Defense - 60:00
|
Play by Play
1st period
0:01 of 1st period - Ryan O'Reilly wins face-off versus Bryan Little in neutral zone.
0:22 of 1st period - Minor Penalty to Corey Perry for Tripping.
0:23 of 1st period - Andrei Loktionov wins face-off versus Mike Comrie in Avalanche zone.
0:28 of 1st period - Slapshot by Zack Kassian.
0:28 of 1st period - Stopped by Semyon Varlamov with a rebound.
0:30 of 1st period - Slapshot by Jared Cowen.
0:30 of 1st period - Shot Blocked by Chuck Kobasew.
0:32 of 1st period - Snap shot by Jared Cowen.
0:32 of 1st period - Shot Blocked by Jack Johnson.
0:34 of 1st period - Slapshot by Jared Cowen.
0:34 of 1st period - Deflect By Andrei Loktionov.
0:34 of 1st period - Stopped by Semyon Varlamov without a rebound.
0:35 of 1st period - Vincent Lecavalier wins face-off versus Chris Drury in Avalanche zone.
0:42 of 1st period - Snap shot by Evander Kane.
0:42 of 1st period - Shot Misses the Net.
2:22 of 1st period - Penalty to Corey Perry is over, Corey Perry is back on ice.
2:41 of 1st period - Ales Kotalik is hit by Bryan Little and loses puck.
2:54 of 1st period - Chris Drury is hit by Jordan Leopold and loses puck.
3:30 of 1st period - Jack Johnson is hit by Brad Richardson and loses puck.
3:45 of 1st period - Jack Johnson is hit by Matt Martin.
4:19 of 1st period - Snap shot by Alexander Radulov.
4:19 of 1st period - Stopped by Robin Lehner with a rebound.
4:21 of 1st period - Wrist shot by Alexander Radulov.
4:21 of 1st period - Stopped by Robin Lehner with a rebound.
5:12 of 1st period - Slapshot by Alexander Radulov.
5:12 of 1st period - Stopped by Robin Lehner without a rebound.
5:13 of 1st period - Brandon Sutter wins face-off versus Chris Drury in Sabres zone.
5:38 of 1st period - Michael Kostka is hit by Brandon Yip and loses puck.
5:57 of 1st period - Wrist shot by Ryan O'Reilly.
5:57 of 1st period - Shot Misses the Net.
5:59 of 1st period - Slapshot by Rob Scuderi.
5:59 of 1st period - Stopped by Semyon Varlamov with a rebound.
6:03 of 1st period - Snap shot by Brad Richardson.
6:03 of 1st period - Shot Hit the Post.
6:05 of 1st period - Slapshot by Jared Cowen.
6:05 of 1st period - Deflect By Mikkel Boedker.
6:05 of 1st period - Goal by Jared Cowen - Sabres : 1 - Avalanche : 0.
6:06 of 1st period - Paul Stastny wins face-off versus Ryan O'Reilly in neutral zone.
6:21 of 1st period - Slapshot by Paul Stastny.
6:21 of 1st period - Stopped by Robin Lehner without a rebound.
6:22 of 1st period - Vincent Lecavalier wins face-off versus Chris Drury in Sabres zone.
6:24 of 1st period - Minor Penalty to Evander Kane for Holding.
6:25 of 1st period - Bryan Little wins face-off versus Ilya Kovalchuk in Sabres zone.
8:24 of 1st period - Penalty to Evander Kane is over, Evander Kane is back on ice.
8:46 of 1st period - Snap shot by Evander Kane.
8:46 of 1st period - Shot Misses the Net.
8:48 of 1st period - Slapshot by Vincent Lecavalier.
8:48 of 1st period - Shot Misses the Net.
8:50 of 1st period - Snap shot by Evander Kane.
8:50 of 1st period - Shot Blocked by Dan Boyle.
8:52 of 1st period - Snap shot by Vincent Lecavalier.
8:52 of 1st period - Stopped by Semyon Varlamov with a rebound.
8:54 of 1st period - Wrist shot by Brandon Sutter.
8:54 of 1st period - Stopped by Semyon Varlamov without a rebound.
8:55 of 1st period - Andrei Loktionov wins face-off versus Mike Comrie in Avalanche zone.
8:58 of 1st period - Wrist shot by Zack Kassian.
8:58 of 1st period - Stopped by Semyon Varlamov without a rebound.
8:59 of 1st period - Andrei Loktionov wins face-off versus Mike Comrie in Avalanche zone.
9:11 of 1st period - Minor Penalty to Darcy Hordichuk for Cross-checking.
9:12 of 1st period - Bryan Little wins face-off versus Ilya Kovalchuk in Sabres zone.
9:38 of 1st period - Michael Kostka is hit by Johnny Boychuk and loses puck.
10:19 of 1st period - Wrist shot by Evander Kane.
10:19 of 1st period - Stopped by Semyon Varlamov without a rebound.
10:20 of 1st period - Bryan Little wins face-off versus Matt Martin in Avalanche zone.
10:33 of 1st period - Snap shot by Alexander Radulov.
10:33 of 1st period - Shot Misses the Net.
10:35 of 1st period - Slapshot by Johnny Boychuk.
10:35 of 1st period - Stopped by Robin Lehner without a rebound.
10:36 of 1st period - Ilya Kovalchuk wins face-off versus Paul Stastny in Sabres zone.
10:47 of 1st period - Slapshot by Wade Redden.
10:47 of 1st period - Shot Blocked by Jack Johnson.
10:57 of 1st period - Rob Scuderi is hit by Paul Stastny and loses puck.
11:11 of 1st period - Penalty to Darcy Hordichuk is over, Darcy Hordichuk is back on ice.
11:22 of 1st period - Slapshot by Brandon Sutter.
11:22 of 1st period - Stopped by Semyon Varlamov without a rebound.
11:23 of 1st period - Andrei Loktionov wins face-off versus Bryan Little in Avalanche zone.
11:50 of 1st period - Jared Cowen is hit by Matt Lashoff and loses puck.
12:13 of 1st period - Snap shot by Evander Kane.
12:13 of 1st period - Shot Misses the Net.
12:15 of 1st period - Snap shot by Kyle Okposo.
12:15 of 1st period - Shot Blocked by Paul Stastny.
13:04 of 1st period - Wade Redden is hit by Jack Johnson and loses puck.
14:09 of 1st period - Snap shot by Andrei Loktionov.
14:09 of 1st period - Stopped by Semyon Varlamov with a rebound.
15:13 of 1st period - Jakub Kindl is hit by Johnny Boychuk and loses puck.
16:19 of 1st period - Snap shot by Bryan Little.
16:19 of 1st period - Stopped by Robin Lehner without a rebound.
16:20 of 1st period - Bryan Little wins face-off versus Ryan O'Reilly in Sabres zone.
16:41 of 1st period - Snap shot by Bryan Little.
16:41 of 1st period - Stopped by Robin Lehner with a rebound.
16:43 of 1st period - Snap shot by Bryan Little.
16:43 of 1st period - Stopped by Robin Lehner with a rebound.
16:45 of 1st period - Snap shot by Corey Perry.
16:45 of 1st period - Shot Blocked by Michael Kostka.
16:51 of 1st period - Wrist shot by Corey Perry.
16:51 of 1st period - Stopped by Robin Lehner with a rebound.
16:53 of 1st period - Wrist shot by Mikkel Boedker.
16:53 of 1st period - Stopped by Robin Lehner with a rebound.
17:11 of 1st period - Snap shot by Mikkel Boedker.
17:11 of 1st period - Goal by Mikkel Boedker - Sabres : 1 - Avalanche : 1.
17:12 of 1st period - Paul Stastny wins face-off versus Vincent Lecavalier in neutral zone.
17:46 of 1st period - Wrist shot by Chris Drury.
17:46 of 1st period - Stopped by Robin Lehner without a rebound.
17:47 of 1st period - Ryan O'Reilly wins face-off versus Bryan Little in Sabres zone.
17:56 of 1st period - Wrist shot by Brad Richardson.
17:56 of 1st period - Shot Blocked by Mikkel Boedker.
18:16 of 1st period - Michael Kostka is hit by Brandon Yip and loses puck.
18:35 of 1st period - Jakub Kindl is hit by Andrew Ladd and loses puck.
18:46 of 1st period - Snap shot by Chris Drury.
18:46 of 1st period - Shot Misses the Net.
19:02 of 1st period - Mikkel Boedker is hit by Zack Kassian and loses puck.
Goals for this period are 1 for Sabres vs 1 for Avalanche.
Shots for this period are 10 for Sabres vs 12 for Avalanche.
2nd period
0:01 of 2nd period - Bryan Little wins face-off versus Ryan O'Reilly in neutral zone.
0:10 of 2nd period - Wrist shot by Bryan Little.
0:10 of 2nd period - Deflect By Brad Richardson.
0:10 of 2nd period - Shot Misses the Net.
0:10 of 2nd period - Puck is out of play.
0:11 of 2nd period - Bryan Little wins face-off versus Ryan O'Reilly in Sabres zone.
0:22 of 2nd period - Wrist shot by Corey Perry.
0:22 of 2nd period - Shot Blocked by Brad Richardson.
0:24 of 2nd period - Slapshot by Marc Staal.
0:24 of 2nd period - Stopped by Robin Lehner with a rebound.
0:38 of 2nd period - Brad Richardson is hit by Marc Staal and loses puck.
0:43 of 2nd period - Snap shot by Paul Stastny.
0:43 of 2nd period - Stopped by Robin Lehner with a rebound.
0:49 of 2nd period - Snap shot by Jared Cowen.
0:49 of 2nd period - Stopped by Semyon Varlamov with a rebound.
1:03 of 2nd period - Slapshot by Ryan O'Reilly.
1:03 of 2nd period - Shot Blocked by Johnny Boychuk.
1:31 of 2nd period - Slapshot by Ryan Smyth.
1:31 of 2nd period - Shot Misses the Net.
1:47 of 2nd period - Slapshot by Jay Bouwmeester.
1:47 of 2nd period - Stopped by Robin Lehner with a rebound.
1:59 of 2nd period - Wrist shot by Ryan O'Reilly.
1:59 of 2nd period - Stopped by Semyon Varlamov without a rebound.
2:00 of 2nd period - Vincent Lecavalier wins face-off versus Bryan Little in Avalanche zone.
2:29 of 2nd period - Wrist shot by Zach Boychuk.
2:29 of 2nd period - Shot Misses the Net.
4:12 of 2nd period - Snap shot by Jay Bouwmeester.
4:12 of 2nd period - Stopped by Robin Lehner without a rebound.
4:13 of 2nd period - Brandon Sutter wins face-off versus Bryan Little in Sabres zone.
4:36 of 2nd period - Icing by Michael Kostka.
4:37 of 2nd period - Zack Kassian wins face-off versus Chris Drury in Sabres zone.
4:52 of 2nd period - Wrist shot by Andrei Loktionov.
4:52 of 2nd period - Stopped by Semyon Varlamov with a rebound.
4:58 of 2nd period - Minor Penalty to Andrew Ladd for Hooking.
4:59 of 2nd period - Andrei Loktionov wins face-off versus Mike Comrie in Avalanche zone.
5:02 of 2nd period - Snap shot by Zack Kassian.
5:02 of 2nd period - Shot Misses the Net.
5:08 of 2nd period - Wrist shot by Zack Kassian.
5:08 of 2nd period - Shot Misses the Net.
5:10 of 2nd period - Slapshot by Michael Kostka.
5:10 of 2nd period - Goal by Michael Kostka - Sabres : 2 - Avalanche : 1.
5:11 of 2nd period - Bryan Little wins face-off versus Brad Richardson in neutral zone.
5:22 of 2nd period - Wrist shot by Bryan Little.
5:22 of 2nd period - Stopped by Robin Lehner without a rebound.
5:23 of 2nd period - Corey Perry wins face-off versus Vincent Lecavalier in Sabres zone.
6:57 of 2nd period - Vincent Lecavalier is hit by Corey Perry and loses puck.
7:52 of 2nd period - Jay Bouwmeester is hit by Wade Redden and loses puck.
8:21 of 2nd period - Wrist shot by Andrew Ladd.
8:21 of 2nd period - Stopped by Robin Lehner without a rebound.
8:22 of 2nd period - Ryan O'Reilly wins face-off versus Bryan Little in Sabres zone.
8:22 of 2nd period - Ryan O'Reilly is hit by Corey Perry.
8:45 of 2nd period - Icing by Ilya Kovalchuk.
8:46 of 2nd period - Chris Drury wins face-off versus Ryan O'Reilly in Sabres zone.
9:27 of 2nd period - Minor Penalty to Bryan Little for Hooking.
9:28 of 2nd period - Mike Comrie wins face-off versus Andrei Loktionov in Avalanche zone.
9:53 of 2nd period - Chuck Kobasew is hit by Vincent Lecavalier and loses puck.
11:27 of 2nd period - Penalty to Bryan Little is over, Bryan Little is back on ice.
11:36 of 2nd period - Wrist shot by Mikkel Boedker.
11:36 of 2nd period - Stopped by Robin Lehner without a rebound.
11:37 of 2nd period - Bryan Little wins face-off versus Brandon Sutter in Sabres zone.
11:57 of 2nd period - Brandon Sutter is hit by Corey Perry and loses puck.
12:08 of 2nd period - Off-side.
12:09 of 2nd period - Ryan O'Reilly wins face-off versus Paul Stastny in neutral zone.
12:16 of 2nd period - Snap shot by Ryan O'Reilly.
12:16 of 2nd period - Stopped by Semyon Varlamov without a rebound.
12:17 of 2nd period - Paul Stastny wins face-off versus Brad Richardson in Avalanche zone.
12:26 of 2nd period - Snap shot by Ryan Smyth.
12:26 of 2nd period - Stopped by Robin Lehner without a rebound.
12:27 of 2nd period - Ryan O'Reilly wins face-off versus Bryan Little in Sabres zone.
12:27 of 2nd period - Brad Richardson is hit by Mikkel Boedker and loses puck.
13:06 of 2nd period - Snap shot by Dan Boyle.
13:06 of 2nd period - Shot Misses the Net.
13:42 of 2nd period - Brandon Sutter is hit by Mikkel Boedker and loses puck.
14:01 of 2nd period - Slapshot by Ilya Kovalchuk.
14:01 of 2nd period - Shot Hit the Post.
14:44 of 2nd period - Minor Penalty to Bryan Little for Interference.
14:45 of 2nd period - Mike Comrie wins face-off versus Andrei Loktionov in Avalanche zone.
16:22 of 2nd period - Evander Kane is hit by Andrew Ladd and loses puck.
16:44 of 2nd period - Penalty to Bryan Little is over, Bryan Little is back on ice.
17:03 of 2nd period - Wrist shot by Corey Perry.
17:03 of 2nd period - Shot Blocked by Rob Scuderi.
17:05 of 2nd period - Snap shot by Corey Perry.
17:05 of 2nd period - Shot Misses the Net.
17:15 of 2nd period - Evander Kane is hit by Paul Stastny and loses puck.
17:43 of 2nd period - Dan Boyle is hit by Jakub Kindl and loses puck.
18:19 of 2nd period - Michael Kostka is hit by Ryan Smyth and loses puck.
19:00 of 2nd period - Alexander Radulov is hit by Zack Kassian and loses puck.
19:58 of 2nd period - Chris Drury is hit by Jakub Kindl and loses puck.
Goals for this period are 1 for Sabres vs 0 for Avalanche.
Shots for this period are 5 for Sabres vs 8 for Avalanche.
3rd period
0:01 of 3rd period - Ryan O'Reilly wins face-off versus Paul Stastny in neutral zone.
0:06 of 3rd period - Slapshot by Ilya Kovalchuk.
0:06 of 3rd period - Stopped by Semyon Varlamov with a rebound.
0:26 of 3rd period - Evander Kane is hit by Bryan Little and loses puck.
0:49 of 3rd period - Snap shot by Andrew Ladd.
0:49 of 3rd period - Stopped by Robin Lehner with a rebound.
1:09 of 3rd period - Snap shot by Mike Comrie.
1:09 of 3rd period - Stopped by Robin Lehner without a rebound.
1:10 of 3rd period - Mike Comrie wins face-off versus Brandon Sutter in Sabres zone.
1:46 of 3rd period - Slapshot by Marc Staal.
1:46 of 3rd period - Stopped by Robin Lehner without a rebound.
1:47 of 3rd period - Ryan O'Reilly wins face-off versus Bryan Little in Sabres zone.
2:25 of 3rd period - Snap shot by Evander Kane.
2:25 of 3rd period - Shot Misses the Net.
2:27 of 3rd period - Snap shot by Vincent Lecavalier.
2:27 of 3rd period - Shot Misses the Net.
2:46 of 3rd period - Snap shot by Zack Kassian.
2:46 of 3rd period - Shot Misses the Net.
3:01 of 3rd period - Off-side.
3:02 of 3rd period - Brandon Sutter wins face-off versus Chuck Kobasew in neutral zone.
3:17 of 3rd period - Rob Scuderi is hit by Zach Boychuk and loses puck.
3:28 of 3rd period - Zach Boychuk is hit by Ales Kotalik and loses puck.
3:35 of 3rd period - Snap shot by Chuck Kobasew.
3:35 of 3rd period - Stopped by Robin Lehner with a rebound.
3:37 of 3rd period - Wrist shot by Mike Comrie.
3:37 of 3rd period - Shot Blocked by Jakub Kindl.
3:39 of 3rd period - Slapshot by Jay Bouwmeester.
3:39 of 3rd period - Shot Misses the Net.
3:41 of 3rd period - Wrist shot by Mike Comrie.
3:41 of 3rd period - Stopped by Robin Lehner without a rebound.
3:42 of 3rd period - Bryan Little wins face-off versus Ryan O'Reilly in Sabres zone.
4:56 of 3rd period - Snap shot by Ryan O'Reilly.
4:56 of 3rd period - Deflect By Jack Johnson.
4:56 of 3rd period - Stopped by Semyon Varlamov with a rebound.
4:58 of 3rd period - Slapshot by Wade Redden.
4:58 of 3rd period - Shot Misses the Net.
5:00 of 3rd period - Wrist shot by Ryan O'Reilly.
5:00 of 3rd period - Stopped by Semyon Varlamov with a rebound.
5:02 of 3rd period - Snap shot by Brad Richardson.
5:02 of 3rd period - Goal by Brad Richardson - Sabres : 3 - Avalanche : 1.
5:03 of 3rd period - Bryan Little wins face-off versus Ryan O'Reilly in neutral zone.
5:11 of 3rd period - Ilya Kovalchuk is hit by Mikkel Boedker and loses puck.
5:54 of 3rd period - Minor Penalty to Johnny Boychuk for Elbowing.
5:55 of 3rd period - Mike Comrie wins face-off versus Ilya Kovalchuk in Avalanche zone.
6:40 of 3rd period - Snap shot by Ryan Smyth.
6:40 of 3rd period - Stopped by Robin Lehner without a rebound.
6:41 of 3rd period - Andrei Loktionov wins face-off versus Mike Comrie in Sabres zone.
7:08 of 3rd period - Chuck Kobasew is hit by Vincent Lecavalier and loses puck.
7:54 of 3rd period - Penalty to Johnny Boychuk is over, Johnny Boychuk is back on ice.
8:40 of 3rd period - Darcy Hordichuk is hit by Ryan Smyth and loses puck.
8:45 of 3rd period - Wrist shot by Ryan Smyth.
8:45 of 3rd period - Shot Misses the Net.
9:01 of 3rd period - Bryan Little is hit by Jakub Kindl and loses puck.
9:35 of 3rd period - Ales Kotalik is hit by Johnny Boychuk and loses puck.
9:48 of 3rd period - Wrist shot by Alexander Radulov.
9:48 of 3rd period - Deflect By Andrew Ladd.
9:48 of 3rd period - Stopped by Robin Lehner without a rebound.
9:49 of 3rd period - Andrei Loktionov wins face-off versus Alexander Radulov in Sabres zone.
10:43 of 3rd period - Snap shot by Jack Johnson.
10:43 of 3rd period - Deflect By Michael Kostka.
10:43 of 3rd period - Stopped by Robin Lehner without a rebound.
10:44 of 3rd period - Ryan O'Reilly wins face-off versus Bryan Little in Sabres zone.
11:15 of 3rd period - Jack Johnson is hit by Zack Kassian and loses puck.
11:22 of 3rd period - Wrist shot by Darcy Hordichuk.
11:22 of 3rd period - Shot Misses the Net.
11:24 of 3rd period - Wrist shot by Darcy Hordichuk.
11:24 of 3rd period - Goal by Darcy Hordichuk - Sabres : 4 - Avalanche : 1.
11:25 of 3rd period - Paul Stastny wins face-off versus Ryan O'Reilly in neutral zone.
11:41 of 3rd period - Slapshot by Rob Scuderi.
11:41 of 3rd period - Shot Blocked by Jack Johnson.
11:56 of 3rd period - Snap shot by Evander Kane.
11:56 of 3rd period - Shot Misses the Net.
11:58 of 3rd period - Snap shot by Kyle Okposo.
11:58 of 3rd period - Stopped by Semyon Varlamov with a rebound.
12:34 of 3rd period - Wrist shot by Andrew Ladd.
12:34 of 3rd period - Deflect By Mike Comrie.
12:34 of 3rd period - Stopped by Robin Lehner with a rebound.
12:36 of 3rd period - Wrist shot by Marc Staal.
12:36 of 3rd period - Stopped by Robin Lehner without a rebound.
12:37 of 3rd period - Ryan O'Reilly wins face-off versus Mike Comrie in Sabres zone.
12:49 of 3rd period - Snap shot by Chuck Kobasew.
12:49 of 3rd period - Shot Misses the Net.
12:51 of 3rd period - Slapshot by Johnny Boychuk.
12:51 of 3rd period - Shot Blocked by Wade Redden.
12:53 of 3rd period - Slapshot by Jay Bouwmeester.
12:53 of 3rd period - Stopped by Robin Lehner with a rebound.
13:27 of 3rd period - Snap shot by Mike Comrie.
13:27 of 3rd period - Shot Misses the Net.
14:02 of 3rd period - Snap shot by Zach Boychuk.
14:02 of 3rd period - Stopped by Robin Lehner with a rebound.
14:04 of 3rd period - Slapshot by Johnny Boychuk.
14:04 of 3rd period - Deflect By Chuck Kobasew.
14:04 of 3rd period - Shot Blocked by Jakub Kindl.
14:04 of 3rd period - Puck is out of play.
14:05 of 3rd period - Vincent Lecavalier wins face-off versus Bryan Little in Sabres zone.
14:05 of 3rd period - Vincent Lecavalier is hit by Bryan Little.
14:21 of 3rd period - Wrist shot by Corey Perry.
14:21 of 3rd period - Shot Blocked by Kyle Okposo.
14:31 of 3rd period - Snap shot by Brandon Yip.
14:31 of 3rd period - Stopped by Robin Lehner with a rebound.
14:33 of 3rd period - Slapshot by Matt Lashoff.
14:33 of 3rd period - Stopped by Robin Lehner without a rebound.
14:33 of 3rd period - Minor Penalty to Robin Lehner for Slashing.
14:34 of 3rd period - Ilya Kovalchuk wins face-off versus Bryan Little in Sabres zone.
14:34 of 3rd period - Ilya Kovalchuk is hit by Corey Perry.
15:00 of 3rd period - Rob Scuderi is hit by Alexander Radulov and loses puck.
15:25 of 3rd period - Wrist shot by Chris Drury.
15:25 of 3rd period - Shot Misses the Net.
16:33 of 3rd period - Penalty to Jared Cowen is over, Jared Cowen is back on ice.
16:35 of 3rd period - Brandon Sutter is hit by Johnny Boychuk and loses puck.
16:36 of 3rd period - Brandon Sutter from Sabres is injured at 16:36 of 3rd period (Sprained Left Ankle).
16:37 of 3rd period - Bryan Little wins face-off versus Ryan O'Reilly in Sabres zone.
16:48 of 3rd period - Slapshot by Ilya Kovalchuk.
16:48 of 3rd period - Shot Misses the Net.
16:50 of 3rd period - Slapshot by Rob Scuderi.
16:50 of 3rd period - Stopped by Semyon Varlamov with a rebound.
16:52 of 3rd period - Slapshot by Jakub Kindl.
16:52 of 3rd period - Deflect By Ilya Kovalchuk.
16:52 of 3rd period - Shot Misses the Net.
16:52 of 3rd period - Puck is out of play.
16:53 of 3rd period - Paul Stastny wins face-off versus Vincent Lecavalier in Avalanche zone.
16:53 of 3rd period - Paul Stastny is hit by Jared Cowen.
17:08 of 3rd period - Slapshot by Vincent Lecavalier.
17:08 of 3rd period - Shot Blocked by Ryan Smyth.
17:27 of 3rd period - Wrist shot by Chris Drury.
17:27 of 3rd period - Stopped by Robin Lehner with a rebound.
17:29 of 3rd period - Wrist shot by Chris Drury.
17:29 of 3rd period - Stopped by Robin Lehner without a rebound.
17:30 of 3rd period - Bryan Little wins face-off versus Ryan O'Reilly in Sabres zone.
Goals for this period are 2 for Sabres vs 0 for Avalanche.
Shots for this period are 7 for Sabres vs 16 for Avalanche.
Back to the Top